 Dungeon Crawl Stone Soup version 0.21.1-1-g345015f (webtiles) character file.

258 mrmercer the Gusty (level 5, 0/40 HPs)
             Began as a Draconian Air Elementalist on June 28, 2018.
             Slain by an ogre
             ... wielding a +0 giant club
              (3 damage)
             ... on level 4 of the Dungeon.
             The game lasted 00:30:01 (3011 turns).

mrmercer the Gusty (Draconian Air Elementalist)     Turns: 3011, Time: 00:30:02

Health: 0/40       AC:  7    Str: 10    XL:     5   Next: 94%
Magic:  2/10       EV: 12    Int: 16    God:
Gold:   150        SH:  0    Dex: 12    Spells: 5/11 levels left

rFire    + . .     SeeInvis .   h - +1 whip (drain)
rCold    x . .     Gourm    .   (no shield)
rNeg     + . .     Faith    .   (armour unavailable)
rPois    .         Spirit   .   w - +1 hat
rElec    .         Reflect  .   n - +0 cloak
rCorr    .         Harm     .   (no gloves)
MR       .....                  (no boots)
Stlth    ++........             (no amulet)
HPRegen  0.13/turn              p - ring of positive energy
MPRegen  0.12/turn              u - ring of fire

@: no status effects
A: unfitting armour, cold-blooded, AC +5
a: no special abilities


You were on level 4 of the Dungeon.
You were not hungry.

You visited 1 branch of the dungeon, and saw 4 of its levels.

You collected 150 gold pieces.

Inventory:

Hand Weapons
 h - a +1 whip of draining (weapon)
 o - a +2 hand axe of venom
 s - a +0 long sword
Armour
 n - a +0 cloak (worn)
 w - a +1 hat (worn)
Jewellery
 p - a ring of positive energy (left hand)
 u - a ring of fire (right hand)
Scrolls
 c - a scroll of magic mapping {unknown}
 e - 5 scrolls of remove curse
 f - a scroll of teleportation
 g - a scroll of immolation
 k - a scroll of amnesia
 l - a scroll of fear {unknown}
 m - a scroll of noise
 q - a scroll of enchant weapon {unknown}
Potions
 d - a potion of agility
 i - a potion of lignification {unknown}
 j - 2 potions of flight {unknown}
 r - a potion of curing
 v - a potion of haste {unknown}
Books
 a - a book of Air

   Spells                             Type                      Level
   a - Shock                          Conjuration/Air              1
   b - Swiftness                      Charms/Air                   2
   c - Static Discharge               Conjuration/Air              3
   d - Airstrike                      Air                          4
   e - Lightning Bolt                 Conjuration/Air              5
Comestibles
 b - 4 rations


   Skills:
 + Level 1.1 Fighting
   Level 0.1 Short Blades
 + Level 0.9(1.0) Axes
 + Level 0.4(0.8) Maces & Flails
 + Level 2.1 Dodging
 + Level 2.0 Stealth
 + Level 3.5 Spellcasting
 + Level 2.4 Conjurations
 + Level 4.5 Air Magic


You had 5 spell levels left.
You knew the following spells:

 Your Spells              Type           Power        Failure   Level  Hunger
a - Shock                 Conj/Air       ##..         4%          1    None
b - Swiftness             Chrm/Air       ##......     11%         2    ##.....
c - Static Discharge      Conj/Air       ##......     13%         3    ###....


Dungeon Overview and Level Annotations

Branches:
Dungeon (4/15)
 Temple: D:4-7

Altars:
Gozag
Yredelemnul


Innate Abilities, Weirdness & Mutations

Your plain brown scales are hard. (AC +5)
You cannot fit into any form of body armour.
You are cold-blooded and may be slowed by cold attacks.


Message History

Casting: Static Discharge
Confirm with . or Enter, or press ? or * to list all spells.
You don't have enough magic to cast that spell.
You hit the ogre.
The ogre is heavily wounded.
The orc priest hits you but does no damage.
The ogre barely misses you.
You hit the ogre.
The ogre is heavily wounded.
The orc priest calls down the wrath of Beogh upon you.
You barely resist.
The orc wizard gestures wildly while chanting.
The orc wizard blinks!
The ogre barely misses you.
The orc priest mumbles some strange prayers to Beogh against you.
Beogh smites you!
* * * LOW HITPOINT WARNING * * *
You barely miss the ogre. You tail-slap the ogre.
The ogre is severely wounded.
The ogre hits you with a giant club.
You die...

..........(.....#..+.....
..........).....#'##.....
......................###
#...................†<#
#.....##########......+
.....'........#......#
....#........'......#
#.†##...##......#
#.@##...###+###...
#oO......# #...
#.§.....>+ #...
#........# ##o####### ...
... ...


You could see an ogre, an orc priest and an orc wizard.

Vanquished Creatures
  A howler monkey (D:4)
  Terence (D:3)
  A worker ant (D:4)
  6 adders
  3 gnolls (D:3)
  An ooze (D:3)
  2 dart slugs
  3 leopard geckos (D:1)
  3 orcs
  2 giant cockroaches
  7 goblins
  9 hobgoblins
  3 jackals (D:2)
  4 quokkas
  7 bats
  6 frilled lizards
  10 kobolds
  8 rats
  A spectral orc (D:3)
78 creatures vanquished.

Notes
Turn   | Place    | Note
-------+----------+-------------------------------------------
     0 | D:1      | mrmercer the Draconian Air Elementalist began the quest for the Orb.
     0 | D:1      | Reached XP level 1. HP: 14/14 MP: 3/3
   259 | D:1      | Reached XP level 2. HP: 14/20 MP: 0/5
   483 | D:1      | Learned a level 2 spell: Swiftness
   772 | D:1      | Reached XP level 3. HP: 27/27 MP: 1/6
   967 | D:2      | Found an opulent altar of Gozag.
  1010 | D:2      | Learned a level 3 spell: Static Discharge
  1235 | D:2      | Reached skill level 1 in Fighting
  1235 | D:2      | Reached XP level 4. HP: 29/35 MP: 0/7
  1923 | D:3      | Reached skill level 4 in Air Magic
  2418 | D:3      | Noticed Terence
  2426 | D:3      | Killed Terence
  2426 | D:3      | Reached XP level 5. HP: 39/40 MP: 0/9
  2780 | D:3      | Found a basalt altar of Yredelemnul.
  3002 | D:4      | Noticed an ogre
  3010 | D:4      | HP: 2/40 [orc priest/divine providence (14)]
  3011 | D:4      | Slain by an ogre

Skill      XL: |  1  2  3  4  5 |
---------------+----------------+-----
Fighting       | 1 |  1.1
Stealth        | 2 |  2.0
Air Magic      | 4 |  4.5
Conjurations   | 2 |  2.4
Spellcasting   | 3 |  3.5
Dodging        | 2 |  2.1
Short Blades   | |  0.1
Axes           | |  0.9
Maces & Flails | |  0.4

Action                   |  1- 3 |  4- 6 || total
-------------------------+-------+-------++-------
Melee: Whip              |    24 |    29 ||    53
       Tailslap          |     4 |     2 ||     6
       Short sword       |    21 |       ||    21
       Hand axe          |     3 |     9 ||    12
 Cast: Shock             |    69 |    90 ||   159
       Static Discharge  |       |     1 ||     1
  Use: Scroll            |     2 |     7 ||     9
  Eat: Ration            |     1 |     2 ||     3
Armor: Skin              |     9 |    24 ||    33
Dodge: Dodged            |    43 |    57 ||   100
